AoeStats
← Tellez_1001

Arabia

509503301Analyzed
2v2 RM · 5d ago on Sep 27, 2026· 37m 41s· 4 players
Game mode
Random Map
Map size
Medium (4 player)
Population
200
Speed
Normal
Resources
Standard
Victory
Conquest
Starting age
Dark Age
Ending age
Imperial Age
RankedLock teamsTeams togetherTeam positionsShared explorationLock speedFull tech treeHidden civsTurbo modeCheats
Victory
Defeat
🇺🇸 Britons · United States
1248
+13
🇺🇸 Japanese · United States
1246
+13
🇨🇴 Ethiopians · Colombia
1243
-16
🇨🇴 Mongols · Colombia
1100
-10
JermWorm
7:03 Loom
9:15 Feudal Age
9:38 Man-at-Arms
17:31 Double-Bit Axe
18:40 Fletching
18:44 Horse Collar
22:47 Castle Age
21:17 Gold Mining
22:46 Bloodlines
22:40 Padded Archer Armor
25:39 Bodkin Arrow
26:16 Bow Saw
27:36 Leather Archer Armor
27:24 Husbandry
29:22 Thumb Ring
32:28 Ballistics
33:27 Scale Mail Armor
36:55 Wheelbarrow
37:13 Heavy Plow
37:55 Squires
40:32 Imperial Age
38:22 Hand Cart
Ron
5:51 Loom
9:17 Feudal Age
10:51 Double-Bit Axe
24:44 Castle Age
22:38 Horse Collar
23:03 Gold Mining
23:39 Fletching
24:11 Padded Archer Armor
24:44 Crossbowman
25:32 Bodkin Arrow
33:19 Leather Archer Armor
37:42 Wheelbarrow
Tellez_1001
6:34 Loom
9:00 Feudal Age
9:25 Man-at-Arms
9:54 Double-Bit Axe
20:08 Padded Archer Armor
20:39 Fletching
26:01 Castle Age
25:12 Scale Mail Armor
25:17 Scale Barding Armor
26:08 Bloodlines
26:47 Elite Skirmisher
28:45 Wheelbarrow
27:56 Town Watch
28:34 Bodkin Arrow
35:02 Hand Cart
34:33 Horse Collar
36:02 Leather Archer Armor
Nando0215
2:18 Loom
9:48 Feudal Age
14:26 Double-Bit Axe
15:33 Fletching
19:12 Padded Archer Armor
21:18 Scale Barding Armor
27:41 Castle Age
26:34 Town Watch
27:12 Gold Mining
27:44 Crossbowman
28:29 Thumb Ring
31:04 Wheelbarrow
30:56 Bodkin Arrow
34:15 Bow Saw
36:02 Horse Collar
36:19 Elite Skirmisher
Connection lost

Rejoining the realm…

Still unreachable

The connection could not be restored.

Session expired

The server has moved on; the page needs a fresh start.